General information
- name: BNet
- type: Ladder team game (AT/RT)
- host: Battle.net
- saver: REBATSKCABEERHT
map: Battleground
- players: 8
- length: 45:54
- speed: Fast
- version: 1.26 W3XP
- replay type: Public
» download(266 KB)
Players
team 1 (loser)
W.LiesPeonsDie (
pink | 19 APM | 874 actions | 45:53)
3 Death Knight
2 Death Coil
1 Unholy Aura
3 Pit Lord
2 Howl of Terror
1 Cleaving Attack
» actions
| Assign group hotkey | 22 | |
| Basic commands | 71 | |
| Build / train | 45 | |
| Enter build submenu | 18 | |
| Enter hero's abilities submenu | 6 | |
| Give item / drop item | 3 | |
| Right click | 244 | |
| Select / deselect | 173 | |
| Select group hotkey | 228 | |
| Use ability | 63 | |
874 total
» units
| Acolyte | 8 | |
| Ghoul | 4 | |
| Crypt Fiend | 7 | |
| Frost Wyrm | 1 | |
20 total
» upgrades
| Web | 1 | |
| Creature Attack | 2 | |
| Creature Carapace | 1 | |
| Freezing Breath | 1 | |
5 total
» buildings
| Ziggurat | 5 | |
| Crypt | 1 | |
| Altar of Darkness | 1 | |
| Nerubian Tower | 2 | |
| Graveyard | 1 | |
| Halls of the Dead | 1 | |
| Spirit Tower | 1 | |
| Black Citadel | 1 | |
| Necropolis | 1 | |
| Tomb of Relics | 1 | |
| Sacrificial Pit | 1 | |
| Boneyard | 1 | |
17 total
» build order
00:15 Ziggurat
00:23 Crypt
00:55 Altar of Darkness
01:02 Ziggurat
01:19 Nerubian Tower
02:00 Graveyard
02:43 Ziggurat
03:19 Halls of the Dead
04:07 Spirit Tower
04:47 Ziggurat
08:05 Black Citadel
08:47 Necropolis
09:28 Tomb of Relics
09:32 Ziggurat
10:19 Sacrificial Pit
11:37 Boneyard
11:39 Nerubian Tower
» items
| Boots of Speed | 1 | |
| Potion of Lesser Invulnerability | 1 | |
| Orb of Corruption | 1 | |
| Potion of Healing | 1 | |
4 total
KnightOwl (
purple | 48 APM | 2184 actions | 45:53)
8 Archmage
3 Summon Water Elemental
3 Brilliance Aura
1 Mass Teleport
1 Blizzard
» actions
| Assign group hotkey | 149 | |
| Basic commands | 194 | |
| Build / train | 86 | |
| Enter build submenu | 55 | |
| Enter hero's abilities submenu | 8 | |
| Give item / drop item | 9 | |
| Right click | 828 | |
| Select / deselect | 401 | |
| Select group hotkey | 304 | |
| Use ability | 150 | |
2184 total
» units
| Peasant | 18 | |
| Footman | 4 | |
| Gryphon Rider | 7 | |
29 total
» upgrades
| Lumber Harvesting | 2 | |
| Masonry | 3 | |
| Storm Hammers | 1 | |
| Animal War Training | 1 | |
| Swords | 3 | |
| Armor | 3 | |
| Cloud | 1 | |
14 total
» buildings
| Altar of Kings | 1 | |
| Barracks | 1 | |
| Farm | 12 | |
| Scout Tower | 44 | |
| Arcane Tower | 2 | |
| Arcane Vault | 3 | |
| Keep | 1 | |
| Lumber Mill | 2 | |
| Gryphon Aviary | 2 | |
| Castle | 1 | |
| Guard Tower | 12 | |
| Blacksmith | 2 | |
| Town Hall | 2 | |
85 total
» build order
00:40 Altar of Kings
00:41 Barracks
00:51 Farm
00:52 Farm
00:54 Farm
01:20 Farm
01:22 Farm
01:38 Scout Tower
02:21 Arcane Tower
03:15 Arcane Vault
03:51 Keep
06:07 Lumber Mill
07:53 Gryphon Aviary
07:53 Gryphon Aviary
08:07 Castle
09:17 Scout Tower
09:17 Scout Tower
09:18 Scout Tower
09:18 Scout Tower
09:48 Guard Tower
10:36 Farm
10:36 Farm
10:37 Farm
10:37 Farm
14:14 Blacksmith
14:16 Blacksmith
18:17 Town Hall
18:23 Scout Tower
18:23 Scout Tower
18:25 Scout Tower
18:25 Scout Tower
18:30 Arcane Vault
18:33 Scout Tower
18:34 Scout Tower
18:36 Scout Tower
18:37 Scout Tower
18:49 Lumber Mill
18:51 Scout Tower
18:55 Guard Tower
19:06 Guard Tower
19:27 Guard Tower
19:37 Arcane Tower
19:52 Guard Tower
24:11 Farm
24:13 Farm
25:23 Town Hall
25:38 Scout Tower
25:38 Scout Tower
25:39 Scout Tower
25:39 Scout Tower
25:41 Scout Tower
25:41 Scout Tower
25:42 Scout Tower
25:44 Scout Tower
26:16 Guard Tower
26:47 Guard Tower
28:39 Scout Tower
28:40 Scout Tower
28:43 Scout Tower
28:44 Scout Tower
28:47 Scout Tower
28:48 Scout Tower
28:49 Scout Tower
28:51 Scout Tower
28:55 Scout Tower
28:57 Scout Tower
28:58 Scout Tower
28:58 Scout Tower
29:01 Scout Tower
29:02 Scout Tower
29:13 Scout Tower
29:14 Scout Tower
29:16 Scout Tower
29:18 Scout Tower
29:20 Scout Tower
29:21 Scout Tower
29:22 Scout Tower
29:30 Guard Tower
30:51 Guard Tower
31:03 Guard Tower
31:04 Guard Tower
33:06 Guard Tower
33:32 Arcane Vault
43:56 Farm
» items
| Scroll of Regeneration | 5 | |
| Scroll of Town Portal | 2 | |
| Potion of Healing | 2 | |
| Mechanical Critter | 2 | |
| Periapt of Vitality | 2 | |
| Potion of Lesser Invulnerability | 1 | |
| Staff of Teleportation | 1 | |
| Staff of Sanctuary | 1 | |
| Boots of Speed | 1 | |
| Dust of Appearance | 1 | |
18 total
EPISODE2-SUCK (
red | 49 APM | 1978 actions | 40:22)
2 Far Seer
1 Feral Spirit
1 Chain Lighting
» actions
| Assign group hotkey | 62 | |
| Basic commands | 106 | |
| Build / train | 34 | |
| Enter build submenu | 11 | |
| Enter hero's abilities submenu | 2 | |
| Right click | 893 | |
| Select / deselect | 230 | |
| Select group hotkey | 544 | |
| Use ability | 96 | |
1978 total
» units
» upgrades
| Reinforced Defenses | 1 | |
| Liquid Fire | 1 | |
2 total
» buildings
| Altar of Storms | 1 | |
| Orc Burrow | 4 | |
| War Mill | 1 | |
| Stronghold | 1 | |
| Voodoo Lounge | 1 | |
| Fortress | 2 | |
| Beastiary | 2 | |
| Watch Tower | 3 | |
15 total
» build order
00:14 Altar of Storms
00:24 Orc Burrow
01:44 War Mill
01:53 Stronghold
02:08 Orc Burrow
02:10 Orc Burrow
02:12 Orc Burrow
03:24 Voodoo Lounge
04:18 Fortress
04:19 Fortress
04:45 Beastiary
05:15 Beastiary
08:57 Watch Tower
08:58 Watch Tower
09:00 Watch Tower
» items
| Staff of Teleportation | 1 | |
| Healing Salve | 1 | |
| Potion of Healing | 2 | |
| Rod of Necromancy | 2 | |
6 total

»
LycheeHunter (
yellow | 47 APM | 1526 actions | 32:26)
3 Archmage
2 Summon Water Elemental
1 Brilliance Aura
3 Paladin
1 Holy Light
2 Divine Shield
» actions
| Assign group hotkey | 13 | |
| Basic commands | 38 | |
| Build / train | 91 | |
| Enter build submenu | 24 | |
| Enter hero's abilities submenu | 7 | |
| Remove unit from queue | 2 | |
| Right click | 844 | |
| Select / deselect | 420 | |
| Select group hotkey | 22 | |
| Use ability | 65 | |
1526 total
» units
| Peasant | 14 | |
| Footman | 6 | |
| Rifleman | 14 | |
| Siege Engine | 13 | |
| Priest | 10 | |
57 total
» upgrades
| Lumber Harvesting | 1 | |
| Barrage | 1 | |
| Gunpowder | 1 | |
| Priest Training | 2 | |
| Armor | 0 | |
| Plating | 1 | |
| Masonry | 1 | |
7 total
» buildings
| Altar of Kings | 1 | |
| Farm | 10 | |
| Barracks | 1 | |
| Keep | 1 | |
| Lumber Mill | 1 | |
| Scout Tower | 13 | |
| Guard Tower | 11 | |
| Blacksmith | 1 | |
| Castle | 1 | |
| Workshop | 1 | |
| Arcane Sanctum | 1 | |
| Arcane Vault | 1 | |
| Town Hall | 1 | |
44 total
» build order
00:06 Altar of Kings
00:12 Farm
00:15 Barracks
01:10 Farm
02:05 Farm
03:24 Keep
03:30 Farm
03:35 Lumber Mill
03:43 Scout Tower
03:44 Scout Tower
03:46 Scout Tower
05:05 Guard Tower
05:09 Guard Tower
05:17 Blacksmith
06:55 Castle
07:00 Workshop
07:56 Farm
07:57 Farm
07:58 Farm
07:59 Farm
09:27 Arcane Sanctum
13:27 Arcane Vault
18:10 Farm
18:12 Farm
19:01 Town Hall
20:07 Scout Tower
20:08 Scout Tower
20:10 Scout Tower
20:11 Scout Tower
20:16 Scout Tower
20:19 Scout Tower
20:56 Guard Tower
21:01 Guard Tower
21:27 Guard Tower
22:04 Guard Tower
22:22 Guard Tower
23:23 Guard Tower
23:43 Scout Tower
23:47 Scout Tower
23:49 Scout Tower
23:52 Scout Tower
24:26 Guard Tower
24:43 Guard Tower
25:02 Guard Tower
» items
| Scroll of Town Portal | 1 | |
| Scroll of Regeneration | 2 | |
3 total
team 2 (winner)
HeywoodJablome (
green | 33 APM | 1348 actions | 40:32)
5 Blademaster
2 Wind Walk
3 Critical Strike
2 Shadow Hunter
1 Healing Wave
1 Hex
1 Far Seer
1 Chain Lighting
» actions
| Assign group hotkey | 24 | |
| Basic commands | 38 | |
| Build / train | 90 | |
| Enter build submenu | 22 | |
| Enter hero's abilities submenu | 8 | |
| Give item / drop item | 11 | |
| Right click | 490 | |
| Select / deselect | 384 | |
| Select group hotkey | 203 | |
| Use ability | 78 | |
1348 total
» units
| Peon | 17 | |
| Grunt | 2 | |
| Troll Headhunter/Berserker | 17 | |
| Shaman | 8 | |
| Troll Witch Doctor | 5 | |
| Ogre Mauler | 1 | |
| Mud Golem | 1 | |
| Forest Troll Berserker | 1 | |
| Forest Troll Shadow Priest | 1 | |
53 total
» upgrades
| Ranged Weapons | 3 | |
| Armor | 3 | |
| Troll Regeneration | 1 | |
| Berserker Upgrade | 1 | |
| Shaman Training | 2 | |
| Reinforced Defenses | 1 | |
| Witch Doctor Training | 2 | |
| Spiked Barricades | 1 | |
14 total
» buildings
| Orc Burrow | 6 | |
| Altar of Storms | 1 | |
| Barracks | 2 | |
| Voodoo Lounge | 1 | |
| War Mill | 1 | |
| Stronghold | 1 | |
| Watch Tower | 6 | |
| Fortress | 1 | |
| Spirit Lodge | 2 | |
| Great Hall | 2 | |
23 total
» build order
00:15 Orc Burrow
00:28 Altar of Storms
01:14 Barracks
01:35 Barracks
01:46 Orc Burrow
02:20 Voodoo Lounge
02:28 War Mill
03:02 Orc Burrow
03:40 Stronghold
04:33 Watch Tower
06:36 Fortress
08:42 Orc Burrow
08:53 Spirit Lodge
10:13 Watch Tower
10:48 Spirit Lodge
11:04 Watch Tower
11:07 Watch Tower
11:16 Watch Tower
13:03 Orc Burrow
13:50 Watch Tower
13:57 Orc Burrow
31:35 Great Hall
36:13 Great Hall
» items
| Healing Salve | 2 | |
| Periapt of Vitality | 1 | |
| Orb of Lightning | 2 | |
| Scroll of Speed | 1 | |
| Scroll of Town Portal | 2 | |
| Potion of Healing | 1 | |
| Lesser Clarity Potion | 1 | |
10 total
Va-gi-na (
orange | 105 APM | 1884 actions | 17:52)
4 Archmage
3 Blizzard
1 Brilliance Aura
2 Blood Mage
1 Flame Strike
1 Siphon Mana
» actions
| Assign group hotkey | 35 | |
| Basic commands | 206 | |
| Build / train | 80 | |
| Enter build submenu | 24 | |
| Enter hero's abilities submenu | 6 | |
| Give item / drop item | 1 | |
| Right click | 546 | |
| Select / deselect | 329 | |
| Select group hotkey | 535 | |
| Use ability | 122 | |
1884 total
» units
| Peasant | 10 | |
| Rifleman | 14 | |
| Mortar Team | 2 | |
26 total
» upgrades
| Gunpowder | 2 | |
| Armor | 1 | |
| Long Rifles | 1 | |
4 total
» buildings
| Altar of Kings | 1 | |
| Farm | 9 | |
| Blacksmith | 1 | |
| Barracks | 3 | |
| Scout Tower | 2 | |
| Arcane Tower | 1 | |
| Keep | 8 | |
| Arcane Vault | 1 | |
| Workshop | 1 | |
| Town Hall | 1 | |
| Lumber Mill | 1 | |
29 total
» build order
00:05 Altar of Kings
00:10 Farm
01:17 Farm
01:32 Blacksmith
01:41 Farm
02:11 Barracks
02:17 Barracks
02:58 Scout Tower
03:20 Arcane Tower
04:00 Keep
04:00 Keep
04:24 Farm
05:08 Arcane Vault
05:51 Farm
06:45 Farm
06:48 Farm
06:58 Workshop
08:17 Farm
09:31 Farm
11:41 Town Hall
12:55 Lumber Mill
13:46 Keep
13:46 Keep
13:46 Keep
14:55 Scout Tower
17:00 Barracks
» items
| Scroll of Regeneration | 6 | |
| Lesser Clarity Potion | 4 | |
10 total
REBATSKCABEERHT (
blue | 92 APM | 4220 actions | 45:54)
9 Archmage
3 Summon Water Elemental
3 Brilliance Aura
1 Mass Teleport
2 Blizzard
» actions
| Assign group hotkey | 139 | |
| Basic commands | 204 | |
| Build / train | 152 | |
| ESC pressed | 1 | |
| Enter build submenu | 48 | |
| Enter hero's abilities submenu | 9 | |
| Give item / drop item | 11 | |
| Right click | 1885 | |
| Select / deselect | 492 | |
| Select group hotkey | 867 | |
| Use ability | 412 | |
4220 total
» units
| Peasant | 17 | |
| Footman | 4 | |
| Rifleman | 8 | |
29 total
» upgrades
| Gunpowder | 3 | |
| Armor | 3 | |
| Backpack | 1 | |
| Masonry | 3 | |
| Long Rifles | 1 | |
| Lumber Harvesting | 2 | |
| Storm Hammers | 1 | |
| Cloud | 1 | |
| Swords | 3 | |
| Animal War Training | 1 | |
19 total
» buildings
| Altar of Kings | 1 | |
| Barracks | 1 | |
| Farm | 8 | |
| Arcane Vault | 1 | |
| Keep | 4 | |
| Blacksmith | 1 | |
| Town Hall | 3 | |
| Scout Tower | 35 | |
| Lumber Mill | 1 | |
| Guard Tower | 55 | |
| Castle | 2 | |
| Gryphon Aviary | 2 | |
114 total
» build order
00:37 Altar of Kings
00:43 Barracks
00:49 Farm
01:05 Farm
01:36 Farm
01:56 Farm
02:03 Arcane Vault
02:51 Farm
03:32 Farm
04:42 Keep
04:42 Keep
04:42 Keep
04:47 Blacksmith
08:09 Town Hall
08:12 Scout Tower
08:13 Scout Tower
08:14 Scout Tower
08:16 Scout Tower
08:17 Scout Tower
08:43 Lumber Mill
09:03 Scout Tower
09:04 Scout Tower
09:05 Scout Tower
09:05 Guard Tower
09:06 Guard Tower
09:20 Guard Tower
09:20 Guard Tower
09:39 Guard Tower
09:39 Guard Tower
09:42 Guard Tower
09:43 Guard Tower
09:43 Guard Tower
09:54 Guard Tower
09:54 Guard Tower
10:37 Scout Tower
10:37 Scout Tower
10:38 Scout Tower
11:51 Scout Tower
11:52 Scout Tower
11:52 Scout Tower
11:53 Scout Tower
11:55 Scout Tower
12:05 Castle
12:05 Castle
12:21 Guard Tower
12:22 Guard Tower
12:22 Guard Tower
12:22 Guard Tower
12:23 Guard Tower
12:24 Guard Tower
12:24 Guard Tower
12:25 Guard Tower
12:25 Guard Tower
12:50 Guard Tower
12:50 Guard Tower
12:58 Guard Tower
12:58 Guard Tower
13:49 Scout Tower
13:55 Scout Tower
13:57 Scout Tower
14:14 Gryphon Aviary
14:20 Gryphon Aviary
15:06 Guard Tower
21:19 Scout Tower
21:19 Scout Tower
21:20 Scout Tower
21:31 Scout Tower
21:31 Scout Tower
21:31 Scout Tower
21:32 Scout Tower
22:20 Guard Tower
22:20 Guard Tower
25:35 Guard Tower
25:35 Guard Tower
25:35 Guard Tower
26:50 Town Hall
26:51 Scout Tower
26:52 Scout Tower
26:55 Town Hall
26:57 Scout Tower
26:58 Scout Tower
30:56 Guard Tower
30:56 Guard Tower
30:56 Guard Tower
36:26 Farm
36:27 Farm
36:31 Scout Tower
36:33 Scout Tower
36:34 Scout Tower
36:38 Scout Tower
36:40 Scout Tower
37:03 Guard Tower
37:04 Guard Tower
37:04 Guard Tower
37:13 Guard Tower
37:13 Guard Tower
37:13 Guard Tower
40:43 Guard Tower
40:43 Guard Tower
» items
| Scroll of Regeneration | 4 | |
| Mechanical Critter | 5 | |
| Staff of Sanctuary | 1 | |
| Periapt of Vitality | 1 | |
| Staff of Teleportation | 1 | |
| Scroll of Town Portal | 1 | |
| Tiny Great Hall | 1 | |
14 total
OsamaBinDrinkin (
teal | 104 APM | 1828 actions | 17:37)
4 Mountain King
2 Storm Bolt
1 Bash
1 Thunder Clap
» actions
| Assign group hotkey | 51 | |
| Basic commands | 12 | |
| Build / train | 119 | |
| Enter build submenu | 21 | |
| Enter hero's abilities submenu | 4 | |
| Give item / drop item | 2 | |
| Right click | 972 | |
| Select / deselect | 163 | |
| Select group hotkey | 429 | |
| Use ability | 55 | |
1828 total
» units
| Peasant | 18 | |
| Footman | 11 | |
| Forest Troll Shadow Priest | 1 | |
| Forest Troll Berserker | 1 | |
| Gryphon Rider | 31 | |
| Knight | 7 | |
69 total
» upgrades
| Masonry | 1 | |
| Swords | 2 | |
| Armor | 2 | |
| Lumber Harvesting | 2 | |
| Storm Hammers | 1 | |
| Animal War Training | 1 | |
9 total
» buildings
| Altar of Kings | 1 | |
| Farm | 8 | |
| Barracks | 1 | |
| Scout Tower | 5 | |
| Arcane Tower | 2 | |
| Arcane Vault | 2 | |
| Lumber Mill | 1 | |
| Blacksmith | 1 | |
| Keep | 5 | |
| Castle | 3 | |
| Gryphon Aviary | 2 | |
| Guard Tower | 6 | |
37 total
» build order
00:05 Altar of Kings
00:09 Farm
00:17 Barracks
00:44 Farm
01:43 Farm
01:59 Scout Tower
02:10 Farm
02:47 Arcane Tower
02:47 Arcane Tower
03:05 Arcane Vault
03:14 Lumber Mill
03:20 Arcane Vault
03:36 Blacksmith
03:53 Keep
03:54 Keep
03:54 Keep
03:54 Keep
05:44 Farm
06:21 Castle
06:21 Castle
08:30 Gryphon Aviary
08:31 Gryphon Aviary
10:28 Scout Tower
10:28 Scout Tower
10:29 Scout Tower
10:29 Scout Tower
11:36 Guard Tower
11:36 Guard Tower
11:36 Guard Tower
11:37 Guard Tower
15:03 Farm
16:41 Farm
16:41 Farm
» items
| Boots of Speed | 1 | |
| Dust of Appearance | 1 | |
| Scroll of Regeneration | 2 | |
| Lesser Clarity Potion | 1 | |
| Potion of Healing | 1 | |
| Potion of Mana | 1 | |
| Orb of Fire | 4 | |
| Staff of Teleportation | 1 | |
12 total
Chat log
(00:09 / All) EPISODE2-SUCK: WAZ UP meee dawgs
(00:11 / Allies) OsamaBinDrinkin: hi
(00:22 / All) EPISODE2-SUCK: what's everyone's favorite spike lee movie
(00:30 / All) EPISODE2-SUCK: mine is he got game
(00:36 / All) KnightOwl: trick question?
(00:51 / All) HeywoodJablome: Enter the Dragon
(01:04 / All) EPISODE2-SUCK: dat bruce lee i said spike lee
(05:08 / Allies) OsamaBinDrinkin: green wanna creep this ?
(08:57 / Allies) OsamaBinDrinkin: help >?
(09:07 / Allies) REBATSKCABEERHT: wood please
(09:32 / Allies) REBATSKCABEERHT: wood me
(09:41 / Allies) REBATSKCABEERHT: thanks teal
(09:44 / Allies) OsamaBinDrinkin: np
(10:23 / Allies) OsamaBinDrinkin: dafaq
(10:25 / Allies) REBATSKCABEERHT: hit here after
(10:51 / Allies) OsamaBinDrinkin: no more orange ?
(11:01 / Allies) Va-gi-na: help
(11:02 / Allies) Va-gi-na: noob
(11:07 / Allies) OsamaBinDrinkin: help him !
(11:09 / Allies) OsamaBinDrinkin: i dfont have aa !
(12:17 / Allies) HeywoodJablome: use all to build
(16:08 / Allies) Va-gi-na: tp
(16:08 / Allies) Va-gi-na: tp
(16:09 / Allies) Va-gi-na: tp
(16:10 / Allies) Va-gi-na: all
(16:16 / Allies) Va-gi-na: fuck alliens
(16:16 / Allies) Va-gi-na: noob
(16:23 / Allies) HeywoodJablome: tp
(16:24 / Allies) Va-gi-na: tp noob
(17:15 / Allies) REBATSKCABEERHT:
(17:16 / Allies) REBATSKCABEERHT: br?
(17:26 / Allies) HeywoodJablome: fight
(17:33 / Allies) REBATSKCABEERHT: eu nao sei ingles
(17:39 / Allies) REBATSKCABEERHT: oque?
(17:39 / Allies) HeywoodJablome: blue faggot
(17:42 / Allies) HeywoodJablome: you lost game
(17:45 / Allies) Va-gi-na: omg
(17:46 / Allies) Va-gi-na: blue
(17:47 / Allies) REBATSKCABEERHT: oque?
(17:48 / Allies) Va-gi-na: 0 tp
(17:50 / Allies) Va-gi-na: is noob
(17:55 / Allies) REBATSKCABEERHT: eu sou brasil
(18:10 / All) HeywoodJablome: gg
(18:15 / All) HeywoodJablome: blue is a tker
(18:18 / All) HeywoodJablome: and a faggot
(18:25 / All) REBATSKCABEERHT: alguem aqui do brasil?
(18:26 / All) W.LiesPeonsDie: red was TKing too
(18:32 / All) W.LiesPeonsDie: lots of nerds in this game
(18:33 / All) EPISODE2-SUCK: NO FUCKING SHIT
(18:39 / All) EPISODE2-SUCK: u dont help my base i tk u
(18:42 / All) REBATSKCABEERHT: eu não entendo inglês
(18:48 / All) HeywoodJablome: and has 6k gold
(18:52 / All) EPISODE2-SUCK: I TOOK OUT ONE BASE WITH BATS AND NO ONE FUCKING HELPED
(18:57 / All) W.LiesPeonsDie: its about the team winning
(19:00 / All) EPISODE2-SUCK: U GET TKED
(19:02 / All) HeywoodJablome: but you get the win
(19:04 / All) EPISODE2-SUCK: I DID MORE THAN U ALL GAME WITH BATS
(19:07 / All) EPISODE2-SUCK: NOBODY HELPS MY BASE U DIE
(19:20 / All) REBATSKCABEERHT: PORTUGUES POR FAVOR
(20:55 / Allies) REBATSKCABEERHT: bad tk
(20:57 / Allies) REBATSKCABEERHT: brasil #1
(21:05 / Allies) REBATSKCABEERHT: noobs inglês
(21:36 / All) EPISODE2-SUCK: i took out one base with 10 bats yet not 3 of my allies could not kill 4 rifles
(21:47 / All) KnightOwl: I didn't even notice orange in your base
(22:15 / All) HeywoodJablome: blue just making towers
(22:24 / All) HeywoodJablome: just get cloud and kill him
(23:00 / All) HeywoodJablome: btw your team is retarded
(23:06 / All) EPISODE2-SUCK: no fucking shit
(23:06 / All) W.LiesPeonsDie: no shit
(23:18 / All) EPISODE2-SUCK: i took out a base with bats yet nobody helped my base
(23:22 / All) REBATSKCABEERHT: brasil #1
(23:30 / All) REBATSKCABEERHT: noobs ingles
(23:37 / All) HeywoodJablome: blue has 10k so he is beyonr retarded
(23:45 / All) REBATSKCABEERHT: fome americano
(23:47 / All) REBATSKCABEERHT: ^^^^^^
(23:48 / All) KnightOwl: Tebow is a great hero of the christian religion
(23:49 / All) REBATSKCABEERHT: GREEN
(23:52 / All) REBATSKCABEERHT: FOME AMERICANO JAJAJAJAJA
(24:07 / All) EPISODE2-SUCK: pink's retarded ass can't realize that if someone takes out a base with bats they need help
(24:10 / All) REBATSKCABEERHT: FREE TANK
(24:12 / All) REBATSKCABEERHT: NOOOOB
(24:52 / All) KnightOwl: pink and red fighting each other it's just me and yellow
(24:56 / All) KnightOwl: I think we are doomed
(25:40 / All) EPISODE2-SUCK: pink are too fucking stupid to realize u need to kill off ur ghouls
(25:52 / All) EPISODE2-SUCK: u cant make aco's dumb nigger
(26:49 / All) W.LiesPeonsDie: fuck you red
(27:10 / All) EPISODE2-SUCK: if player A takes out a base with bats, they need help if someone hits them
(27:13 / All) EPISODE2-SUCK: why cant u realize this
(27:14 / All) EPISODE2-SUCK: fucking nigger
(27:53 / All) EPISODE2-SUCK: and yellow i have no idea how u fucking lost vs orange but at least u tped
(27:59 / All) EPISODE2-SUCK: u act like i dont see u pink
(28:00 / All) EPISODE2-SUCK: dum bnigger
(28:08 / All) REBATSKCABEERHT: yellow kill by 1 br
(28:18 / All) REBATSKCABEERHT: voce chupar pau
(28:50 / All) EPISODE2-SUCK: next time yellow defend my base better
(28:53 / All) EPISODE2-SUCK: dumb shit gook
(28:59 / All) REBATSKCABEERHT: yellow can't micro
(29:02 / All) EPISODE2-SUCK: u were too late tping
(29:06 / All) EPISODE2-SUCK: my burrows were all dead
(29:11 / All) LycheeHunter: purp killed my base fiuck
(29:29 / All) W.LiesPeonsDie: It's sad that nerds can ruin such a decent game.
(29:35 / All) EPISODE2-SUCK: pink and yellow cannot fucking realize i killed oj's base with bats so i NEEDED help if they hit me
(29:40 / All) EPISODE2-SUCK: ur the nerd u nigger
(29:57 / All) W.LiesPeonsDie: You're a petty little moron obsessing over nothing.
(30:06 / All) REBATSKCABEERHT: yellow I haven't lost one unit killing you
(30:27 / All) EPISODE2-SUCK: this is random team , pink. u didnt help my base when i was killing someone else's base
(30:28 / All) EPISODE2-SUCK: so u get tked
(30:29 / All) LycheeHunter: good luck purple you douche bag
(30:33 / All) EPISODE2-SUCK: leave pink u nigger
(30:45 / All) W.LiesPeonsDie: Like I said fag. 'You need a life".
(30:52 / All) REBATSKCABEERHT: I seriously haven't lost one rifle against yellow
(30:57 / All) EPISODE2-SUCK: anyone that calls another person a fag has no life either
(31:06 / All) W.LiesPeonsDie: What do you do with your life, red?
(31:07 / All) EPISODE2-SUCK: ur the person with no units yet ur still here
(31:11 / All) EPISODE2-SUCK: fuck ur mom
(31:12 / All) EPISODE2-SUCK: Thats what
(31:16 / All) KnightOwl: my team is a pack of crybaby sissies
(31:19 / All) KnightOwl: that why we lose!
(31:24 / All) EPISODE2-SUCK: i fuck ur mom in her basement
(31:28 / All) KnightOwl: I was the only man among this lot
(31:46 / All) EPISODE2-SUCK: it brings me pleasure to rape ur base pink
(31:47 / All) EPISODE2-SUCK: u nigger
(31:48 / All) W.LiesPeonsDie: Red and purp are the nerd fags that drug this out.
(31:49 / All) LycheeHunter: and your a douche that doesnt help shit
(32:02 / All) EPISODE2-SUCK: ITS A 10 YR OLD GAME RETARD ITS TIME IS GONE
(32:07 / All) EPISODE2-SUCK: u cant ruin a 10 yr old game
(32:17 / All) W.LiesPeonsDie: You just did fag.
(32:23 / All) EPISODE2-SUCK: im enjoying every second kiling ur base
(32:29 / All) W.LiesPeonsDie: Some people have lives. Try to remember that.
(32:42 / All) EPISODE2-SUCK: try to remember i fucked ur mom
(32:54 / All) W.LiesPeonsDie: Not everyone is an unemployed jerk off with plenty of time to waste.
(33:05 / All) EPISODE2-SUCK: obviously ur a nerd if ur still here with no units
(33:19 / All) W.LiesPeonsDie: So try to think of the people that have lives. Their time has some value.
(33:28 / All) EPISODE2-SUCK: try to remember ur mom is a whore
(33:35 / All) REBATSKCABEERHT: I fucked your mum pink
(33:48 / All) W.LiesPeonsDie: I'm trying to see if a troll can grow a soul.
(33:59 / All) EPISODE2-SUCK: a troll lawl this aint an mmo nigger
(34:04 / All) EPISODE2-SUCK: we dont say troll on wc3
(34:06 / All) W.LiesPeonsDie: Think of something original, little nerd.
(34:08 / All) EPISODE2-SUCK: we say nigger
(34:10 / All) EPISODE2-SUCK: and nerd
(34:19 / All) W.LiesPeonsDie: I fucked your mom shit isn't even kind of entertaining.
(34:29 / All) REBATSKCABEERHT: It's entertaining when I fuck your mum hahahaha
(34:31 / All) REBATSKCABEERHT: I fuck her hard
(34:45 / All) W.LiesPeonsDie: You say nigger because you're little nerds that have never even met niggers.
(34:46 / All) EPISODE2-SUCK: pink u got what was coming to u
(34:56 / All) EPISODE2-SUCK: if u dont help ur allies out u deserved to get tked
(35:02 / All) EPISODE2-SUCK: everyone 4v4 player shouls know this
(35:16 / All) W.LiesPeonsDie: It's probably fun to pretend you're hard by using language you don't understand.
(35:28 / All) EPISODE2-SUCK: i proved myself capable by killing orange's base, which no one game me credit for
(35:34 / All) REBATSKCABEERHT: the only thing I understand is how your mum takes it hard
(35:35 / All) W.LiesPeonsDie: Half of everyone that plays now is a boring troll.
(35:37 / All) EPISODE2-SUCK: so yes, u get tekd
(35:43 / All) W.LiesPeonsDie: Who cares, fag?
(35:53 / All) EPISODE2-SUCK: obviously u do since ur still here
(35:55 / All) REBATSKCABEERHT: 34-34 you are trolling 4v4 by playing it you are so bad
(36:02 / All) W.LiesPeonsDie: Why don't you talk about how much you love WoW now?
(36:15 / All) W.LiesPeonsDie: RT is random.
(36:18 / All) REBATSKCABEERHT: red sells wow gold for steam games and shit
(36:23 / All) REBATSKCABEERHT: he is pro
(36:23 / All) W.LiesPeonsDie: Just look at this game.
(36:35 / All) EPISODE2-SUCK: pink ur in the wrong, here buddy
(36:42 / All) EPISODE2-SUCK: u didnt help ur ally out so u got tked
(36:43 / All) W.LiesPeonsDie: It has less to do with what team gets players and more to do with what team gets less fags.
(36:44 / All) EPISODE2-SUCK: thats fair game
(36:51 / All) REBATSKCABEERHT: pink
(36:54 / All) REBATSKCABEERHT: just shut up and take it
(36:57 / All) REBATSKCABEERHT: like your mother LOL
(37:05 / All) W.LiesPeonsDie: I'm glad you can share fag culture with me.
(37:09 / All) EPISODE2-SUCK: keep repeating that in ur head. "if i dont help my allies they are gonna tk me"
(37:24 / All) W.LiesPeonsDie: Would you like to say nigger a few more times and pretend you're not a bitch?
(37:32 / All) REBATSKCABEERHT: you're my bitch nigger
(37:36 / All) REBATSKCABEERHT: you're our bitch
(37:41 / All) REBATSKCABEERHT: we fuck you hard like we all fuck your mother
(37:45 / All) EPISODE2-SUCK: niggers are niggers most of them are what they are. some uncle toms are okay
(37:57 / All) W.LiesPeonsDie: Whoa, think of that all on your own blue?
(38:13 / All) W.LiesPeonsDie: Oh, you've met lots of niggers in your travels red?
(38:14 / All) REBATSKCABEERHT: I think I'm fucking your mother and reaming your ass
(38:24 / All) W.LiesPeonsDie: They wander through your mom's basement?
(39:02 / All) HeywoodJablome: hit blue now he tking
(39:30 / All) EPISODE2-SUCK: u sure got a great life pink, u have no units yet ur still here 30 min after
(40:05 / All) EPISODE2-SUCK: im gonna watch anime someone kill my hero
(40:06 / All) REBATSKCABEERHT: Green is my bitch too
(40:10 / All) REBATSKCABEERHT: a little bitch like pink
(40:15 / All) EPISODE2-SUCK: kill me thank u
(40:20 / All) REBATSKCABEERHT: you're welcome my nigga
(40:21 / All) EPISODE2-SUCK: ur a nigger pink. u got what was coming to u
(40:38 / All) REBATSKCABEERHT: bad luck for pink
(40:52 / All) REBATSKCABEERHT: These are elite riflemen
(40:56 / All) REBATSKCABEERHT: An invulnerable squad of elite men
(41:11 / All) REBATSKCABEERHT: For all these men slew yellow under the command of Landazar
(41:16 / All) REBATSKCABEERHT: Not one died
(41:35 / All) REBATSKCABEERHT: They will be decorated with many shining medals and receive great wealth for their service
(41:45 / All) KnightOwl: no rest for the wicked, till we close our eyes for good
(41:48 / All) REBATSKCABEERHT: These are what all riflemen should strive to be like
(42:48 / All) KnightOwl: Thankfully your team was shit and weak minded
(43:01 / All) KnightOwl: Jake almost fucked it for ever-body
(43:16 / All) REBATSKCABEERHT: This was a fun match other than jake dying and us not noticing then getting pissed, I probably would have been pissed too
(43:42 / All) KnightOwl: I'd probably be pissed but I would have waited for tk
(43:48 / All) REBATSKCABEERHT: yeah
(44:27 / All) KnightOwl: anything to say for yerself pink?|
(44:31 / All) KnightOwl: you gutless coward
(44:50 / All) KnightOwl: Pink the fairy and yellow the gutless coward
(45:16 / All) KnightOwl: I give you 20 seconds to make your last wishes known
(45:23 / All) KnightOwl: before we bury this hatchet straight in your back
(45:51 / All) KnightOwl: Nothing to say in death, did nothing in life